 Dungeon Crawl Stone Soup version 0.24.0-123-gd5b16e6ec5 (webtiles) character file.

Game seed: 2895945853257947934, levelgen mode: deterministic

991 Elellon the Grappler (level 7, -4/66 HPs)
             Began as a Troll Monk on Jan 6, 2020.
             Was a Priest of Okawaru.
             Shot with an arrow by a centaur (6 damage)
             ... on level 5 of the Dungeon.
             The game lasted 00:07:54 (3311 turns).

Elellon the Grappler (Troll Monk)                   Turns: 3311, Time: 00:07:55

Health: -4/66      AC:  6    Str: 22    XL:     7   Next: 98%
Magic:  6/6        EV: 11    Int:  6    God:    Okawaru [***...]
Gold:   374        SH:  0    Dex: 12    Spells: 6/6 levels left

rFire    . . .     SeeInvis .     - Unarmed
rCold    . . .     Gourm    +   (no shield)
rNeg     . . .     Faith    .   a - +0 robe
rPois    .         Spirit   .   (helmet restricted)
rElec    .         Reflect  .   (no cloak)
rCorr    .         Harm     .   (gloves unavailable)
MR       .....                  (boots unavailable)
Stlth    ++........             (no amulet)
HPRegen  0.61/turn              (no ring)
MPRegen  0.10/turn              (no ring)

@: no status effects
A: large, unfitting armour, claws 3, fast metabolism 3, gourmand, regeneration
1, shaggy fur 1, tough skin 3
a: Heroism, Renounce Religion


You were on level 5 of the Dungeon.
You worshipped Okawaru.
Okawaru was most pleased with you.
You were very full.

You visited 2 branches of the dungeon, and saw 6 of its levels.

You collected 374 gold pieces.

Inventory:

Armour
 a - a +0 robe (worn)
Jewellery
 i - a cursed amulet of inaccuracy {unknown}
 j - an uncursed amulet of regeneration {unknown}
 s - a +2 ring of intelligence
 y - an uncursed ring of protection from fire {unknown}
Wands
 v - a wand of digging (7)
Scrolls
 d - a scroll of enchant armour {unknown}
 f - 2 scrolls of magic mapping {unknown}
 g - 2 scrolls of remove curse {unknown}
 h - 5 scrolls of teleportation {unknown}
 m - 4 scrolls of identify {unknown}
 n - a scroll of amnesia {unknown}
 p - 4 scrolls of blinking {unknown}
 q - a scroll of enchant weapon {unknown}
 t - 3 scrolls of fear {unknown}
 u - a scroll of random uselessness {unknown}
 w - 2 scrolls of immolation {unknown}
Potions
 c - 7 potions of curing {unknown}
 e - 3 potions of berserk rage {unknown}
 k - a potion of might {unknown}
 l - 2 potions of heal wounds {unknown}
 o - 2 potions of resistance {unknown}
 r - a potion of haste {unknown}
 x - a potion of mutation {unknown}
Comestibles
 b - 9 rations


   Skills:
 + Level 2.9 Fighting
 + Level 3.7 Dodging
 - Level 1.0 Stealth
 * Level 8.8 Unarmed Combat


You had 6 spell levels left.
You didn't know any spells.
Your spell library was empty.

Dungeon Overview and Level Annotations

Branches:
Dungeon (5/15)             Temple (1/1) D:4

Altars:
Cheibriados
Dithmenos
Elyvilon
Fedhas
Gozag
Hepliaklqana
Kikubaaqudgha
Makhleb
Okawaru
Qazlal
Ru
Trog
Uskayaw
Vehumet
Yredelemnul


Innate Abilities, Weirdness & Mutations

You are too large for most types of armour.
You have claws for hands.
Your metabolism is lightning-fast.
You like to eat raw meat.
Your natural rate of healing is unusually fast.
You are covered in fur. (AC +1)
You have extremely tough skin. (AC +3)


Message History

Things that are here:
2 arrows; a chunk of flesh; an adder skeleton The centaur shoots an arrow.
The arrow barely misses you.
The centaur unwields a +0 shortbow.
The centaur hits you!
* * * LOW HITPOINT WARNING * * *
You scratch the centaur but do no damage.
The centaur hits you!
* * * LOW HITPOINT WARNING * * *
The centaur hits you.
* * * LOW HITPOINT WARNING * * *
You scratch the centaur. Your claw misses the centaur.
The centaur is lightly wounded.
The centaur closely misses you.
You scratch the centaur.
The centaur is lightly wounded.
The centaur hits you.
* * * LOW HITPOINT WARNING * * *
The centaur wields a +0 shortbow.
The centaur shoots an arrow.
The arrow hits you.
You die...

..............# #.#
...#..........# #.#
#?#..#........# #.#
#...!........####.#
.........(......##.#
...#..####(5....##.#
# #...
#..(c..##.#######
#..S
#####...........#
..... #@..........#
...#
####(..........# #[#
#..............#
#..............#
#...........[..#
#......(.......#
####........)..#
#...........#
#####.######


You could see a centaur.

Vanquished Creatures
  Eustachio (D:4)
  Menkaure (D:4)
  A phantom (D:4)
  An ogre (D:4)
  A centaur (D:5)
  A big kobold (D:4)
  A crimson imp (D:5)
  A bullfrog zombie (D:5)
  A centaur skeleton (D:4)
  An orc wizard (D:4)
  An iguana (D:4)
  2 worker ants (D:4)
  A hound skeleton (D:4)
  6 adders
  3 gnolls (D:2)
  An adder skeleton (D:4)
  3 worms
  4 dart slugs
  2 leopard geckos (D:1)
  12 orcs
  2 ball pythons
  4 giant cockroaches
  8 goblins
  8 hobgoblins
  2 quokkas
  12 bats
  6 frilled lizards
  6 kobolds
  A quokka skeleton (D:5)
  13 rats
107 creatures vanquished.

Notes
Turn   | Place    | Note
-------+----------+-------------------------------------------
     0 | D:1      | Elellon the Troll Monk began the quest for the Orb.
     0 | D:1      | Reached XP level 1. HP: 22/22 MP: 0/0
    81 | D:1      | Reached XP level 2. HP: 29/29 MP: 1/1
   556 | D:1      | Reached XP level 3. HP: 36/36 MP: 2/2
   796 | D:2      | Reached skill level 4 in Unarmed Combat
   843 | D:2      | Reached XP level 4. HP: 44/44 MP: 3/3
  1177 | D:2      | Found a shadowy altar of Dithmenos.
  1842 | D:3      | Reached skill level 5 in Unarmed Combat
  1893 | D:3      | Reached XP level 5. HP: 52/52 MP: 4/4
  2284 | D:4      | Noticed Menkaure
  2294 | D:4      | Killed Menkaure
  2294 | D:4      | Reached skill level 6 in Unarmed Combat
  2294 | D:4      | Reached XP level 6. HP: 44/59 MP: 5/5
  2343 | D:4      | Noticed Eustachio
  2364 | D:4      | Killed Eustachio
  2399 | D:4      | Reached skill level 7 in Unarmed Combat
  2465 | D:4      | Reached XP level 7. HP: 61/66 MP: 6/6
  2473 | D:4      | Found a staircase to the Ecumenical Temple.
  2482 | Temple   | Entered the Ecumenical Temple
  2723 | Temple   | Became a worshipper of Warmaster Okawaru
  2723 | Temple   | Reached * piety under Okawaru
  2723 | Temple   | Reached ** piety under Okawaru
  2959 | D:4      | Reached skill level 8 in Unarmed Combat
  3101 | D:5      | Entered Level 5 of the Dungeon
  3303 | D:5      | Reached *** piety under Okawaru
  3310 | D:5      | HP: 1/66 [centaur (5)]
  3311 | D:5      | Shot with an arrow by a centaur

Levels and vault maps discovered:
D:1:      denvon_arrival_waterhouse, layout_basic
D:2:      layout_basic, nicolae_overflow_hidden_temple, first_ration,
          minmay_joined_circles
D:3:      layout_rooms
D:4:      layout_cave_pools, minmay_temple_entry_statues_fountains,
          uniq_menkaure, uniq_eustachio
D:5:      cheibrodos_fzero, layout_basic
Temple:   eino_temple_water

Skill      XL: |  1  2  3  4  5  6  7 |
---------------+----------------------+-----
Unarmed Combat | 4 5 6 7 8 |  8.8
Dodging        | 3 |  3.7
Fighting       | |  2.9
Stealth        | |  1.0

Action                   |  1- 3 |  4- 6 |  7- 9 || total
-------------------------+-------+-------+-------++-------
Melee: Unarmed           |    81 |   139 |    51 ||   271
       Punch             |       |     1 |     2 ||     3
 Stab: Sleeping          |     2 |       |       ||     2
       Distracted        |       |     1 |       ||     1
  Eat: Chunk             |    13 |    15 |     6 ||    34
Armor: Robe              |    45 |    42 |     8 ||    95
Dodge: Dodged            |    52 |    85 |    21 ||   158
